 Dungeon Crawl Stone Soup version 0.32-a0-411-g744942f433 (webtiles) character file.

Game seed: 11234034613787280837

4533 BubbleThief the Covert (level 10, -1/50 HPs)
             Began as a Vampire Enchanter on Feb 20, 2024.
             Was a Follower of Dithmenos.
             Slain by a hellwing (10 damage)
             ... on level 8 of the Dungeon.
             The game lasted 00:12:03 (6235 turns).

BubbleThief the Covert (Vampire Enchanter)          Turns: 6235, Time: 00:12:04

Health: -1/50      AC:  8    Str:  7    XL:     10   Next: 17%
Magic:  0/17       EV: 12    Int: 19    God:    Dithmenos [*.....]
Gold:   519        SH:  5    Dex: 18    Spells: 10/18 levels left

rFire   . . .        D - +4 dagger (flame)
rCold   + + .        (no shield)
rNeg    + + +        b - +0 robe
rPois   ∞            A - +0 helmet
rElec   .            y - +0 cloak
rCorr   .            H - +0 pair of gloves
SInv    +            x - +2 pair of boots
Will    +....        C - amulet of reflection
Stlth   +++++++++    (no ring)
HPRegen 0.00/turn    (no ring)
MPRegen 0.15/turn

%: reflection
@: bloodless, inhibited regen, wreathed by umbra
A: bloodless, fangs 3, see invisible, vampiric 2
a: Bat Form, Revivify, Renounce Religion


You were on level 8 of the Dungeon.
You worshipped Dithmenos.
Dithmenos was aware of your devotion.
You visited 1 branch of the dungeon, and saw 8 of its levels.

You collected 519 gold pieces.

Inventory:

Hand Weapons
 D - a +4 dagger of flaming (weapon)
Missiles
 o - 13 poisoned darts
 s - 4 atropa-tipped darts (quivered)
Armour
 b - a +0 robe (worn)
 x - a +2 pair of boots (worn)
 y - a +0 cloak (worn)
 A - a +0 helmet (worn)
 E - a +0 buckler
 H - a +0 pair of gloves (worn)
 I - a +0 troll leather armour
Jewellery
 n - a ring of poison resistance
 C - an amulet of reflection (around neck)
Wands
 J - a wand of polymorph (9)
Scrolls
 a - 2 scrolls of revelation {unknown}
 e - 4 scrolls of noise {unknown}
 f - 9 scrolls of identify {unknown}
 h - 2 scrolls of butterflies {unknown}
 j - 3 scrolls of blinking {unknown}
 l - 5 scrolls of teleportation {unknown}
 p - a scroll of fear {unknown}
 v - 2 scrolls of enchant weapon {unknown}
 w - 4 scrolls of amnesia {unknown}
 G - a scroll of immolation {unknown}
Potions
 c - 2 potions of invisibility
 d - 4 potions of degeneration {unknown}
 g - a potion of heal wounds {unknown}
 i - a potion of haste {unknown}
 k - 4 potions of lignification {unknown}
 m - 2 potions of curing {unknown}
 q - a potion of enlightenment {unknown}
 r - 2 potions of attraction {unknown}
 t - 2 potions of might {unknown}
 u - a potion of mutation {unknown}
 z - a potion of resistance {unknown}
 B - 2 potions of ambrosia {unknown}
 F - a potion of brilliance {unknown}


   Skills:
 + Level 9.1 Short Blades
 - Level 2.1 Dodging
 + Level 13.2 Stealth
 + Level 4.7 Spellcasting
 + Level 12.3 Hexes


You had 10 spell levels left.
You knew the following spells:

 Your Spells              Type           Power      Damage    Failure   Level
a - Ensorcelled Hibernat  Hex/Ice        54%        N/A       1%          2
b - Tukima's Dance        Hex            50%        N/A       1%          3
c - Dazzling Flash        Conj/Hex       54%        N/A       3%          3

Your spell library contained the following spells:

 Spells                   Type           Power      Damage    Failure   Level
 Confusing Touch          Hex            50%        N/A       1%          3
 Sublimation of Blood     Necr           4%         N/A       19%         2
 Silence                  Hex/Air        13%        N/A       28%         5
 Gell's Gravitas          Tloc           4%         N/A       36%         3
 Mephitic Cloud           Conj/Alch/Air  4%         N/A       36%         3
 Teleport Other           Tloc           4%         N/A       36%         3
 Petrify                  Alch/Erth      4%         N/A       77%         4
 Curse of Agony           Necr           4%         N/A       98%         5
 Irradiate                Conj/Alch      2%         3d12      98%         5
 Dispersal                Tloc           2%         N/A       100%        6


Dungeon Overview and Level Annotations

Branches:
Dungeon (8/15)             Temple (0/1) D:7
   Lair: D:8-11

Altars:
Dithmenos
Gozag
Nemelex Xobeh
Qazlal
Yredelemnul

Annotations:
D:7 3 runed translucent doors, aheadsounds's ghost, weakling FeDe


Innate Abilities, Weirdness & Mutations

You do not regenerate when monsters are visible.
You are frail without blood (-20% HP).
You can heal yourself when you bite living creatures.
You are immune to poison.
You have razor-sharp teeth.
You have supernaturally acute eyesight. (SInv)
You are afflicted with vampirism and can become a bat while bloodless.


Message History

Press: ? - help, Shift-Dir - straight line, f/p - hellwing
Aim: a hellwing (umbra, chance to affect: 24%)
The hellwing resists with almost no effort.
The hellwing barely misses you. The hellwing hits you.
Unknown command.
Casting: Ensorcelled Hibernation (safe; 1% risk of failure)
Confirm with . or Enter, or press ? or * to list all spells.
Aiming: Ensorcelled Hibernation (safe; 1% risk of failure)
Press: ? - help, Shift-Dir - straight line, f/p - hellwing
Aim: a hellwing (umbra, chance to affect: 24%)
The hellwing resists with almost no effort.
The hellwing closely misses you.
The hellwing hits you but does no damage.
Unknown command.
Casting: Ensorcelled Hibernation (safe; 1% risk of failure)
Confirm with . or Enter, or press ? or * to list all spells.
Aiming: Ensorcelled Hibernation (safe; 1% risk of failure)
Press: ? - help, Shift-Dir - straight line, f/p - hellwing
Aim: a hellwing (umbra, chance to affect: 24%)
The hellwing resists with almost no effort.
The hellwing completely misses you. The hellwing hits you.
Unknown command.
Casting: Ensorcelled Hibernation (safe; 1% risk of failure)
Confirm with . or Enter, or press ? or * to list all spells.
Aiming: Ensorcelled Hibernation (safe; 1% risk of failure)
Press: ? - help, Shift-Dir - straight line, f/p - hellwing
Aim: a hellwing (umbra, chance to affect: 24%)
The hellwing resists with almost no effort.
The hellwing hits you.
* * * LOW HITPOINT WARNING * * *
The hellwing hits you.
* * * LOW HITPOINT WARNING * * *
Casting: Ensorcelled Hibernation (safe; 1% risk of failure)
Confirm with . or Enter, or press ? or * to list all spells.
Aiming: Ensorcelled Hibernation (safe; 1% risk of failure)
Press: ? - help, Shift-Dir - straight line, f/p - hellwing
Aim: a hellwing (umbra, chance to affect: 24%)
The hellwing resists with almost no effort.
The hellwing hits you!
You die...

........# .......[#
..?.....# ........#
#......#######
#............#
#............#
#.....@......#
#....4.......#
#............######
......######.......#
..ßP..#....#.......#####
......'....'.......#....
......ß....#.......#....
...........#.......+....
..P##+##.......#....


You could see a hellwing.

Vanquished Creatures
  A two-headed ogre (D:7)
  Maggie (D:8)
  A troll (D:7)
  Prince Ribbit (D:6)
  A hornet (D:8)
  3 water moccasins
  An orc warrior (D:8)
  2 ice beasts
  2 sky beasts
  3 black bears
  2 ogres
  5 centaurs
  A phantom (D:5)
  2 kobold brigands (D:8)
  2 gnoll sergeants
  2 bullfrogs
  3 scorpions
  5 bombardier beetles
  A hound (D:5)
  A jelly (D:7)
  Crazy Yiuf (D:2)
  2 orc priests (D:8)
  2 iguanas
  9 gnolls
  8 adders
  A shadow imp (D:8)
  2 white imps (D:6)
  6 ufetubi
  4 dart slugs
  3 ribbon worms
  14 orcs
  7 ball pythons
  4 bats
  4 endoplasms
  4 giant cockroaches
  8 goblins
  9 hobgoblins
  5 jackals
  3 quokkas
  4 frilled lizards
  14 kobolds
  6 rats
160 creatures vanquished.

Notes
Turn   | Place    | Note
-------+----------+-------------------------------------------
     0 | D:1      | BubbleThief the Vampire Enchanter began the quest for the
                  | Orb.
     0 | D:1      | Reached XP level 1. HP: 13/13 MP: 3/3
   236 | D:1      | Reached XP level 2. HP: 13/19 MP: 5/5
   239 | D:1      | Learned a level 2 spell: Ensorcelled Hibernation
   376 | D:1      | Reached skill level 5 in Stealth
   439 | D:1      | Reached skill level 5 in Hexes
   564 | D:1      | Gained mutation: You are afflicted with vampirism and can
                  | become a bat while bloodless. [Vampire growth]
   564 | D:1      | Reached XP level 3. HP: 24/24 MP: 6/6
  1144 | D:2      | Reached XP level 4. HP: 26/30 MP: 0/7
  1585 | D:2      | Reached skill level 6 in Stealth
  1680 | D:2      | Found a runed translucent door.
  1681 | D:2      | Noticed Crazy Yiuf
  1688 | D:2      | Killed Crazy Yiuf
  1689 | D:2      | Reached XP level 5. HP: 28/28 MP: 1/8
  2803 | D:4      | Found an opulent altar of Gozag.
  2851 | D:4      | Noticed an ogre
  2857 | D:4      | Killed an ogre
  2858 | D:4      | Reached skill level 7 in Stealth
  2858 | D:4      | Reached XP level 6. HP: 32/32 MP: 6/9
  3346 | D:5      | Entered Level 5 of the Dungeon
  3356 | D:5      | Reached skill level 8 in Stealth
  3356 | D:5      | Reached XP level 7. HP: 36/36 MP: 10/10
  3394 | D:5      | Reached skill level 5 in Short Blades
  3540 | D:5      | Reached skill level 9 in Stealth
  3548 | D:5      | Learned a level 3 spell: Tukima's Dance
  3693 | D:5      | Reached XP level 8. HP: 41/41 MP: 11/11
  3937 | D:5      | Reached skill level 10 in Stealth
  4172 | D:6      | Reached skill level 10 in Hexes
  4355 | D:6      | Noticed Prince Ribbit
  4365 | D:6      | Killed Prince Ribbit
  4366 | D:6      | Reached skill level 11 in Stealth
  4553 | D:6      | Found a shadowy altar of Dithmenos.
  4557 | D:6      | Became a worshipper of Dithmenos the Shadowed
  4563 | D:6      | Found a sparkling altar of Nemelex Xobeh.
  4566 | D:6      | Found a basalt altar of Yredelemnul.
  4576 | D:6      | Found a stormy altar of Qazlal.
  5058 | D:7      | Reached XP level 9. HP: 45/45 MP: 12/12
  5312 | D:7      | Noticed a two-headed ogre
  5318 | D:7      | Killed a two-headed ogre
  5319 | D:7      | Reached skill level 12 in Stealth
  5330 | D:7      | Noticed a troll
  5337 | D:7      | Killed a troll
  5541 | D:7      | Found a runed translucent gate.
  5542 | D:7      | Found a runed translucent gate.
  5544 | D:7      | Found a runed translucent gate.
  5544 | D:7      | Noticed aheadsounds's ghost (weakling FeDe)
  5671 | D:7      | Found a staircase to the Ecumenical Temple.
  5868 | D:8      | Learned a level 3 spell: Dazzling Flash
  5892 | D:8      | Reached * piety under Dithmenos
  5908 | D:8      | Reached XP level 10. HP: 48/50 MP: 16/16
  5930 | D:8      | Noticed Maggie
  5934 | D:8      | Killed Maggie
  5935 | D:8      | Reached skill level 13 in Stealth
  6235 | D:8      | Slain by a hellwing

Illustrated notes

Levels and vault maps discovered:
D:1:      dpeg_arrival_pits, layout_loops_corners, minivault_5,
          hangedman_feature_mirror
D:2:      layout_loops_ring, basic_altar, uniq_crazy_yiuf_cottage
D:3:      cheibrodos_helix_gallery, layout_rooms, grunt_decor_fettered,
          dreamdust_mushroom_princess, nicolae_concentric_dashed_squares_mild,
          minmay_puff
D:4:      layout_cave_pools, good_gods_temple_1, nicolae_overflow_crystal_walls
D:5:      layout_cave_pools, serial_glass, glass_columns_b, glass_columns_a,
          st_stairs_1
D:6:      layout_loops_ring, grunt_temple_overflow_cloverleaf,
          uniq_prince_ribbit1
D:7:      layout_rooms, minmay_temple_entry_fiery,
          gammafunk_ghost_nasty_kobolds, nicolae_lava_and_water
D:8:      cheibrodos_grave_circle, layout_gridville, uniq_maggie

Skill      XL: |  1  2  3  4  5  6  7  8  9 10 |
---------------+-------------------------------+-----
Stealth        | 5 6 7 8 9 11 12 13 | 13.2
Hexes          | 5 6 7 8 10 12 | 12.3
Short Blades   | 2 3 4 5 7 8 9 |  9.1
Spellcasting   | 4 |  4.7
Dodging        | |  2.1

Action                     |  1- 3 |  4- 6 |  7- 9 | 10-12 || total
---------------------------+-------+-------+-------+-------++-------
  Melee: Dagger            |    97 |    71 |   150 |    34 ||   352
         Bite              |     4 |    17 |    11 |     3 ||    35
         Short sword       |       |    59 |       |       ||    59
  Throw: Dart              |       |       |     1 |       ||     1
   Cast: Ensorcelled Hiber |     3 |    19 |    30 |    10 ||    62
Ability: Exsanguinate      |       |     1 |       |       ||     1
   Stab: Sleeping          |     7 |    31 |    36 |     3 ||    77
 Armour: Robe              |    46 |    33 |    59 |    18 ||   156
         Troll leather arm |       |       |     3 |       ||     3
  Dodge: Dodged            |    50 |    46 |    75 |    18 ||   189
  Block: Other             |       |    14 |    29 |     5 ||    48
         Reflection        |       |       |     3 |       ||     3

Table legend: (Time is in decaauts)
 A = Elapsed time spent in this place.
 B = Non-inter-level travel time spent in this place.
 C = Inter-level travel time spent in this place.
 D = Time resting spent in this place.
 E = Time spent auto-exploring this place.
 F = Levels seen in this place.
 G = Mean time per level.
                   A        B        C        D        E       F      G
               +--------+--------+--------+--------+--------+-----+--------+
         Total |   6117 |   5936 |    181 |    187 |   4389 |   8 |  764.6 |
       Dungeon |   6117 |   5936 |    181 |    187 |   4389 |   8 |  764.6 |
               +--------+--------+--------+--------+--------+-----+--------+

Top non-repeatable levels by time:
     D:2: 1097 daAuts
     D:1: 924 daAuts
     D:6: 908 daAuts
     D:5: 768 daAuts
     D:3: 739 daAuts
     D:7: 689 daAuts
     D:4: 535 daAuts
     D:8: 454 daAuts
